 Dungeon Crawl Stone Soup version 0.29-a0-575-g0dc89cf053 (webtiles) character file.

Game seed: 5655558350881436896

31 bande the Covered (level 3, -5/24 HPs)
             Began as a Gargoyle Fighter on June 13, 2022.
             Slain by Terence
             ... wielding a +5 vorpal flail
              (14 damage)
             ... on level 2 of the Dungeon.
             The game lasted 00:01:48 (1050 turns).

bande the Covered (Gargoyle Fighter)                Turns: 1050, Time: 00:01:49

Health: -5/24      AC: 10    Str: 19    XL:     3   Next: 22%
Magic:  3/3        EV:  9    Int:  8    God:
Gold:   73         SH:  4    Dex: 11    Spells: 2/2 levels left

rFire   . . .      SeeInvis .   a - +0 war axe
rCold   . . .      Faith    .   c - +0 buckler
rNeg    + . .      Spirit   .   b - +0 scale mail
rPois   ∞          Reflect  .   (no helmet)
rElec   +          Harm     .   (no cloak)
rCorr   .          Rampage  .   (no gloves)
Will    .....                   (no boots)
Stlth   ..........              (no amulet)
HPRegen 0.08/turn               (no ring)
MPRegen 0.08/turn               (no ring)

@: no status effects
A: sickness immunity, AC +3, negative energy resistance 1, electricity
resistance, torment resistance 1, petrification resistance
a: no special abilities


You were on level 2 of the Dungeon.
You visited 1 branch of the dungeon, and saw 2 of its levels.

You collected 73 gold pieces.

Inventory:

Hand Weapons
 a - a +0 war axe (weapon)
Armour
 b - a +0 scale mail (worn)
 c - a +0 buckler (worn)
Scrolls
 j - a scroll of teleportation {unknown}
Potions
 d - a potion of might
 e - a potion of degeneration {unknown}
 f - a potion of attraction {unknown}
 g - a potion of heal wounds {unknown}
 h - a potion of curing
 i - a potion of mutation {unknown}
 k - a potion of magic {unknown}


   Skills:
 + Level 3.7 Fighting
 + Level 2.1 Axes
 + Level 3.7 Armour
 + Level 3.6 Shields


You had 2 spell levels left.
You didn't know any spells.
Your spell library was empty.

Dungeon Overview and Level Annotations

Branches:
Dungeon (2/15)

Altars:

Shops:
D:1 (?

Annotations:
D:2 Terence


Innate Abilities, Weirdness & Mutations

You are immune to sickness and miasma.
Your stone body is resilient. (AC +3)
You are immune to poison.
You resist negative energy. (rN+)
You are resistant to electric shocks. (rElec)
You are resistant to unholy torment.
You are immune to petrification.


Message History

The endoplasm barely misses you.
You slash the endoplasm!
You kill the endoplasm!
No target in view!
No target in view!
No target in view!
No target in view!
No target in view!
j - a scroll labelled KOTYMMUXOSOR You open the large door.
Terence the Incautious comes into view.
He is wielding a +5 vorpal flail.
Terence shouts!
Found a stone staircase leading up.
There is a large open door here.
Terence hits you but does no damage.
You slash Terence!
Terence is moderately wounded.
Terence hits you with a +5 vorpal flail. x2
You slash Terence!
Terence is severely wounded.
Terence drinks a potion.
Terence is healed!
You hit Terence.
Terence is heavily wounded.
Terence hits you with a +5 vorpal flail. x2
You are too injured to fight recklessly!
You are too injured to fight recklessly!
You are too injured to fight recklessly!
You are too injured to fight recklessly!
You are too injured to fight recklessly!
You are too injured to fight recklessly!
You are too injured to fight recklessly!
You hit Terence.
Terence is severely wounded.
Terence hits you but does no damage.
You hit Terence.
Terence is almost dead.
Terence drinks a potion.
Terence is healed!
Terence hits you with a +5 vorpal flail!
Ouch! That really hurt!
You die...

########## #≈≈≈≈≈§≈§#
#≈......≈#
###≈.≈≈§..§######
#.').§.[≈..'....#
#§§..≈.§§..'....#
#§#§..≈§≈§≈#@<..#
#####§#§...§§.≈#.@..#
...§§§#≈≈≈§§≈≈≈#....#
...§§################
...§§# .....+ .....#
####.# #.#


You could see Terence.

Vanquished Creatures
  A dart slug (D:1)
  3 ball pythons
  3 endoplasms
  2 giant cockroaches (D:1)
  A goblin (D:1)
  4 hobgoblins (D:1)
  A quokka (D:1)
  A frilled lizard (D:1)
  7 kobolds
  A rat (D:1)
24 creatures vanquished.

Notes
Turn   | Place    | Note
-------+----------+-------------------------------------------
     0 | D:1      | bande the Gargoyle Fighter began the quest for the Orb.
     0 | D:1      | Reached XP level 1. HP: 14/14 MP: 1/1
   118 | D:1      | Found Josuku's Magic Scroll Emporium.
   175 | D:1      | Reached XP level 2. HP: 19/19 MP: 2/2
   305 | D:1      | Found Woallol's Antique Weapon Boutique.
   615 | D:1      | Found a faded altar of an unknown god.
   649 | D:1      | Reached XP level 3. HP: 21/23 MP: 3/3
  1043 | D:2      | Noticed Terence
  1050 | D:2      | Slain by Terence

Illustrated notes

Levels and vault maps discovered:
D:1:      tarquinn_simple_flora_water_c, layout_loops_cross,
          shapermc_ecumenical_altar_mp_highgroup, serial_shops, shop, shop
D:2:      layout_basic, hangedman_decor_clover_reticule, dk_noncrumbling_2,
          kennysheep_generic_room_7, uniq_sigmund, uniq_terence

Skill      XL: |  1  2 |
---------------+-------+-----
Axes           | 2 |  2.1
Fighting       | |  3.7
Armour         | |  3.7
Shields        | |  3.6

Action                   || total
-------------------------++-------
Melee: War axe           ||    64
  Use: Scroll            ||     2
Armor: Scale mail        ||    39
Dodge: Dodged            ||    22
Block: Buckler           ||     6

Table legend: (Time is in decaauts)
 A = Elapsed time spent in this place.
 B = Non-inter-level travel time spent in this place.
 C = Inter-level travel time spent in this place.
 D = Time resting spent in this place.
 E = Time spent auto-exploring this place.
 F = Levels seen in this place.
 G = Mean time per level.
                   A        B        C        D        E       F      G
               +--------+--------+--------+--------+--------+-----+--------+
         Total |   1081 |   1013 |     68 |      0 |    826 |   2 |  540.5 |
       Dungeon |   1081 |   1013 |     68 |      0 |    826 |   2 |  540.5 |
               +--------+--------+--------+--------+--------+-----+--------+

Top non-repeatable levels by time:
     D:1: 982 daAuts
     D:2: 99 daAuts
